 Dungeon Crawl Stone Soup version 0.31-a0-640-g39d97e502b (webtiles) character file.

Game seed: 8947309468237822913

281 qw the Shooter (level 6, -2/38 HPs)
             Began as a Gargoyle Hunter on Aug 27, 2023.
             Slain by Edmund
             ... wielding a +2 flail of protection
              (11 damage)
             ... on level 4 of the Dungeon.
             The game lasted 00:00:55 (2073 turns).

qw the Shooter (Gargoyle Hunter)                    Turns: 2073, Time: 00:00:55

Health: -2/38      AC: 10    Str: 15    XL:     6   Next: 27%
Magic:  6/6        EV: 11    Int:  9    God:
Gold:   119        SH:  0    Dex: 15    Spells: 5/5 levels left

rFire   . . .        Y - +1 shortbow
rCold   . . .        (shield currently unavailable)
rNeg    + . .        i - +0 ring mail
rPois   inf          (no helmet)
rElec   +            (no cloak)
rCorr   .            d - +0 pair of gloves
SInv    .            (no boots)
Will    .....        (no amulet)
Stlth   +            (no ring)
HPRegen 0.26/turn    (no ring)
MPRegen 0.10/turn

%: no passive effects
@: no status effects
A: sickness immunity, AC +4, negative energy resistance 1, electricity
resistance, torment resistance 1, petrification resistance
a: no special abilities


You were on level 4 of the Dungeon.
You visited 1 branch of the dungeon, and saw 4 of its levels.

You collected 119 gold pieces.


Innate Abilities, Weirdness & Mutations

You are immune to sickness and miasma.
Your stone body is resilient. (AC +4)
You are immune to poison.
You resist negative energy. (rN+)
You are resistant to electric shocks. (rElec)
You are resistant to unholy torment.
You are immune to petrification.


   Skills:
 - Level 4.1 Fighting
 + Level 6.3 Ranged Weapons
 - Level 1.5 Armour
 - Level 1.5 Dodging
 - Level 1.1 Stealth


You had 5 spell levels left.
You didn't know any spells.
Your spell library was empty.

Inventory:

Hand Weapons
 Y - a +1 shortbow (weapon)
Armour
 d - a +0 pair of gloves (worn)
 i - a +0 ring mail (worn)
Jewellery
 f - a ring of fire
Scrolls
 a - a scroll of immolation {unknown}
 e - 3 scrolls of identify
Potions
 b - 2 potions of curing

Dungeon Overview and Level Annotations

Branches:
Dungeon (4/15)
 Temple: D:4-7

Altars:

Shops:
D:1 !

Annotations:
D:4 Edmund


Message History

The gnoll closely misses you.
The gnoll hits you from afar with a +0 spear.
Edmund hits you with a +2 flail of protection.
You shoot an arrow.
The arrow hits Edmund but does no damage.
Edmund is moderately wounded.
The gnoll barely misses you. The gnoll hits you but does no damage.
Edmund barely misses you.
You shoot an arrow.
The arrow hits Edmund but does no damage.
Edmund is moderately wounded.
The gnoll hits you but does no damage.
The gnoll hits you from afar with a +0 spear.
Edmund closely misses you.
You shoot an arrow.
The arrow hits Edmund but does no damage.
Edmund is moderately wounded.
The gnoll hits you from afar with a +0 halberd.
The gnoll hits you but does no damage.
Edmund hits you with a +2 flail of protection.
You shoot an arrow. The arrow closely misses Edmund.
The arrow closely misses the gnoll.
The gnoll closely misses you. The gnoll hits you but does no damage.
Edmund hits you with a +2 flail of protection.
The gnoll hits you from afar with a +0 halberd.
You shoot an arrow. The arrow closely misses Edmund.
The arrow hits the gnoll!
You kill the gnoll!
The gnoll closely misses you.
Edmund hits you with a +2 flail of protection.
The gnoll closely misses you. Edmund closely misses you.
You shoot an arrow.
The arrow hits Edmund but does no damage.
Edmund is moderately wounded.
The gnoll closely misses you. Edmund hits you but does no damage.
You shoot an arrow. The arrow hits Edmund!
Edmund is moderately wounded.
The gnoll barely misses you.
Edmund hits you with a +2 flail of protection!
You die...
Edmund says, "That'll show my brother!"

...... ....##
...... ..... #
..... ....
#.##...##...
#...[......
..........
.........#
.........###
.........#@#
..........#@######
..........g).....#
#................#
#.^..............#
................##
..............##
#.###.......####
...........##


You could see Edmund and a gnoll.

Vanquished Creatures
  A hound (D:3)
  An orc priest (D:3)
  Jessica (D:2)
  Natasha (thrice) (D:2)
  2 gnolls (D:4)
  3 adders
  5 worms
  A dart slug (D:2)
  3 orcs (D:3)
  5 endoplasms
  2 giant cockroaches (D:2)
  4 goblins
  5 hobgoblins
  4 jackals (D:1)
  2 quokkas (D:3)
  6 ball pythons
  6 bats
  A frilled lizard (D:3)
  5 kobolds
  2 rats
62 creatures vanquished.

Notes
Turn   | Place    | Note
-------+----------+-------------------------------------------
     0 | D:1      | qw the Gargoyle Hunter began the quest for the Orb.
     0 | D:1      | Reached XP level 1. HP: 12/12 MP: 1/1
     0 | D:1      | 0 ||| qw: Version: 0.3-a-74-g0d5e918
     0 | D:1      | 0 ||| qw: Game counter: 59
     0 | D:1      | 0 ||| qw: Melee chars always use a shield: true
     0 | D:1      | 0 ||| qw: God list: Okawaru
     0 | D:1      | 0 ||| qw: Allow faded altars: false
     0 | D:1      | 0 ||| qw: Do Orc after clearing Dungeon:15 true
     0 | D:1      | 0 ||| qw: Do second Lair branch before Depths: true
     0 | D:1      | 0 ||| qw: Lair rune preference: random
     0 | D:1      | 0 ||| qw: Goals: Normal
     0 | D:1      | 0 ||| PLANNING D:1-11
    74 | D:1      | Reached XP level 2. HP: 17/17 MP: 2/2
    87 | D:1      | Found Onablit's Distillery.
    95 | D:1      | 95 ||| SHOPLISTING 2 potions of might (88 gold, have 6).
    95 | D:1      | 95 ||| SHOPLISTING potion of curing (33 gold, have 6).
    95 | D:1      | 95 ||| SHOPLISTING potion of enlightenment (55 gold, have
                  | 6).
    95 | D:1      | 95 ||| SHOPLISTING potion of mutation (88 gold, have 6).
   117 | D:1      | Found a faded altar of an unknown god.
   521 | D:1      | 521 ||| DROPPING ring of magical power.
   522 | D:1      | 522 ||| READING scroll labelled DALEMY ORA SOI.
   523 | D:1      | 523 ||| READING 2 scrolls labelled HOEL USISUDI.
   524 | D:1      | 524 ||| READING scroll labelled YNOS NUZOTHE.
   525 | D:1      | 525 ||| READING scroll labelled ERADEDDEWKE.
   526 | D:1      | 526 ||| DROPPING scroll of butterflies.
   637 | D:2      | Noticed Jessica
   644 | D:2      | Killed Jessica
   645 | D:2      | Reached skill level 5 in Ranged Weapons
   645 | D:2      | Reached XP level 3. HP: 17/21 MP: 3/3
   787 | D:2      | Reached XP level 4. HP: 27/27 MP: 4/4
   790 | D:2      | Noticed Natasha
   798 | D:2      | Killed Natasha
   799 | D:2      | Reached skill level 3 in Fighting
   813 | D:2      | Noticed Natasha
   823 | D:2      | Killed Natasha
   825 | D:2      | Noticed Natasha
   832 | D:2      | Killed Natasha
   833 | D:2      | Reached XP level 5. HP: 24/32 MP: 5/5
  1385 | D:2      | 1385 ||| UPGRADING to +0 pair of gloves.
  1390 | D:2      | 1390 ||| READING scroll labelled GOFIGA ZOGIS.
  1391 | D:2      | 1391 ||| READING scroll labelled KASCHY OGRORR.
  1392 | D:2      | 1392 ||| DRINKING 2 cyan potions.
  1393 | D:2      | 1393 ||| READING 2 scrolls of identify.
  1393 | D:2      | 1393 ||| IDENTIFYING amethyst potion
  1475 | D:3      | Reached skill level 6 in Ranged Weapons
  1483 | D:3      | Reached skill level 1 in Armour
  1666 | D:3      | Reached XP level 6. HP: 37/38 MP: 6/6
  1955 | D:3      | 1955 ||| UPGRADING to +0 ring mail.
  1965 | D:3      | 1965 ||| DROPPING +0 leather armour.
  1966 | D:3      | 1966 ||| READING scroll labelled BOUV VIOLIM.
  1967 | D:3      | 1967 ||| READING scroll labelled YZECOYNOIL.
  1968 | D:3      | 1968 ||| READING 4 scrolls of identify.
  1968 | D:3      | 1968 ||| IDENTIFYING lumpy amethyst potion
  1969 | D:3      | 1969 ||| DROPPING potion of ambrosia.
  1996 | D:4      | 1996 ||| STAIRDANCE
  2042 | D:4      | Noticed Edmund
  2051 | D:4      | HP: 8/38 [Edmund/+2 flail of protection (7)]
  2052 | D:4      | 2052 ||| DRINKING 2 potions of heal wounds.
  2053 | D:4      | 2053 ||| Stepping ~*~*~tactically~*~*~ (retreating).
  2054 | D:4      | 2054 ||| Stepping ~*~*~tactically~*~*~ (retreating).
  2055 | D:4      | 2055 ||| Stepping ~*~*~tactically~*~*~ (retreating).
  2056 | D:4      | 2056 ||| Stepping ~*~*~tactically~*~*~ (retreating).
  2057 | D:4      | 2057 ||| Stepping ~*~*~tactically~*~*~ (retreating).
  2065 | D:4      | HP: 9/38 [gnoll/+0 spear (4)]
  2065 | D:4      | HP: 3/38 [Edmund/+2 flail of protection (6)]
  2066 | D:4      | 2066 ||| DRINKING potion of heal wounds.
  2071 | D:4      | HP: 9/38 [Edmund/+2 flail of protection (2)]
  2073 | D:4      | Slain by Edmund

Levels and vault maps discovered:
D:1:      wheals_arrival_linesprint, layout_rooms, serial_shops,
          nicolae_shop_industrial_runoff,
          hellmonk_ecumenical_altar_inner_sanctum, hex_medium
D:2:      layout_basic, chequers_serial_rivers_small_3, grunt_ministairs_11,
          uniq_jessica, uniq_natasha
D:3:      layout_rooms, kennysheep_generic_room_5
D:4:      layout_cave_pools, uniq_edmund

Skill      XL: |  1  2  3  4  5 |
---------------+----------------+-----
Ranged Weapons | 5 6 |  6.3
Fighting       | 3 4 |  4.1
Armour         | 1 |  1.5
Dodging        | |  1.5
Stealth        | |  1.1

Action                     |  1- 3 |  4- 6 || total
---------------------------+-------+-------++-------
   Fire: Shortbow          |    58 |   156 ||   214
    Use: Scroll            |     4 |     6 ||    10
         Potion            |       |     3 ||     3
 Armour: Leather armour    |     7 |    14 ||    21
         Ring mail         |       |    13 ||    13
  Dodge: Dodged            |    16 |    54 ||    70

Table legend:
 A = Non-vault XP
 B = Vault XP
 C = Vault XP percentage of total XP
 D = Non-vault monster count
 E = Vault monster count
 F = Vault count percentage of total count
                 A         B        C        D         E       F
            +---------+---------+-------+---------+---------+-------
      Total |     328 |      74 |  18.4 |      58 |       4 |   6.5
            +---------+---------+-------+---------+---------+-------
        D:1 |      21 |       0 |   0.0 |      13 |       0 |   0.0
        D:2 |     111 |      74 |  40.0 |      17 |       4 |  19.0
        D:3 |     155 |       0 |   0.0 |      23 |       0 |   0.0
        D:4 |      41 |       0 |   0.0 |       5 |       0 |   0.0
            +---------+---------+-------+---------+---------+-------
